Map: Para Site LE

Players

Lambo - Winner!

  • Race: Zerg Zerg
  • League: Grandmaster
  • Spawn Location: 5:00

llllllllllll

  • Race: Terran Terran
  • League: Grandmaster
  • Spawn Location: 11:00

VOD

Have the link to the VOD?

Description

Time

  • Played on: Jan. 10, 2019, 2:53 p.m.
  • Length: 28:56
Show
View Real Time Build Order
Export as new Build Order

Lambo Zerg - Winner!

Build Orders: Hatch First 

Get SALT Encoding   

  12  0:00  Drone  
  13  0:13  Overlord  
  13  0:17  Drone  
  14  0:32  Drone x2  
  16  0:47  Hatchery  
  15  0:50  Drone  
  15  0:54  Drone  
  17  0:58  Drone  
  18  1:08  Extractor  
  17  1:13  Spawning Pool  
  17  1:15  Drone  
  17  1:18  Drone  
  18  1:28  Drone  
  19  1:41  Drone  
  20  1:52  Overlord  
  20  2:01  Queen x2  
  20  2:02  Zergling x4  
  26  2:12  Zergling x2  
  26  2:13  Roach Warren, Zergling x2  
  27  2:23  Overlord  
  27  2:28  Extractor  
  26  2:56  Roach x6  
  38  3:09  Overlord  
  38  3:28  Ravager x3  
  38  3:30  Drone  
  38  3:31  Drone x2  
  44  3:39  Drone  
  45  3:42  Ravager  
  45  3:46  Overlord  
  46  3:58  Overlord  
  46  4:01  Evolution Chamber  
  45  4:04  Drone  
  46  4:17  Hatchery  
  45  4:30  Drone  
  45  4:31  Drone  
  47  4:38  Hatchery  
  46  4:47  Zerg Ground Armor Level 1  
  46  4:50  Drone  
  47  4:54  Drone  
  47  4:56  Drone  
  49  5:00  Drone  
  49  5:04  Drone  
  51  5:14  Lair  
  51  5:15  Drone  
  52  5:22  Roach  
  52  5:27  Overlord  
  53  5:40  Overlord  
  47  5:59  Spore Crawler  
  47  6:00  Spore Crawler  
  47  6:02  Drone  
  46  6:05  Drone  
  46  6:08  Overlord  
  47  6:14  Drone x2  
  50  6:19  Overseer  
  50  6:26  Queen, Overlord  
  50  6:27  Queen  
  54  6:33  Drone x3  
  57  6:40  Overseer  
  57  6:46  Overlord, Drone x2  
  59  6:51  Zerg Ground Armor Level 2  
  59  6:52  Drone  
  59  6:53  Drone  
  61  6:56  Drone  
  61  6:57  Drone  
  61  7:00  Drone  
  64  7:06  Drone x3  
  67  7:10  Drone x2  
  67  7:16  Spore Crawler x2  
  67  7:17  Drone x2  
  67  7:18  Drone  
  67  7:20  Drone  
  66  7:24  Drone x2  
  66  7:27  Drone  
  66  7:28  Spore Crawler  
  68  7:30  Drone  
  69  7:40  Drone x5  
  69  7:42  Overlord  
  69  7:43  Glial Reconstitution  
  74  7:48  Overlord  
  74  7:55  Overlord  
  74  7:56  Evolution Chamber  
  74  7:57  Overlord  
  74  7:59  Overlord  
  74  8:05  Drone x4  
  78  8:06  Hydralisk Den  
  78  8:09  Drone  
  78  8:13  Drone x2  
  79  8:22  Roach x2  
  79  8:25  Drone  
  85  8:27  Drone  
  85  8:28  Drone  
  85  8:29  Drone x4  
  85  8:32  Extractor  
  85  8:33  Drone x2  
  91  8:34  Queen x2, Extractor  
  91  8:36  Infestation Pit  
  91  8:38  Extractor  
  91  8:40  Extractor  
  91  8:41  Grooved Spines  
  91  8:42  Drone x2  
  91  8:45  Drone  
  91  8:48  Drone  
  95  8:53  Drone x2  
  97  8:57  Drone  
  98  9:06  Hydralisk x4  
  106  9:13  Hatchery  
  105  9:21  Queen  
  107  9:25  Zerg Missile Weapons Level 1  
  107  9:26  Hive  
  107  9:27  Drone x7  
  107  9:29  Spore Crawler  
  107  9:30  Overlord  
  113  9:32  Overlord  
  113  9:35  Overlord  
  114  9:39  Overlord, Spore Crawler  
  114  9:42  Overseer  
  113  9:47  Overlord  
  113  9:51  Overlord, Extractor  
  112  9:53  Extractor  
  112  9:54  Roach x2  
  112  9:55  Roach  
  112  9:57  Drone x3  
  112  9:58  Roach x3  
  126  10:05  Drone x2  
  128  10:13  Muscular Augments  
  128  10:23  Hydralisk x2  
  128  10:24  Roach x6  
  144  10:40  Hatchery  
  142  10:44  Drone x2, Viper  
  142  10:45  Viper x3  
  154  10:51  Roach, Hydralisk  
  154  10:52  Roach x2  
  154  10:53  Overlord  
  154  10:55  Drone  
  154  10:56  Drone x2  
  165  10:58  Queen  
  167  11:05  Overlord  
  167  11:06  Spire  
  167  11:07  Overseer  
  167  11:08  Overlord  
  167  11:09  Overlord  
  167  11:10  Overlord x2  
  166  11:16  Overlord  
  166  11:21  Overlord  
  166  11:24  Overlord  
  166  11:31  Drone  
  166  11:32  Spore Crawler, Spine Crawler x2, Drone x3  
  167  11:34  Roach x5  
  167  11:38  Roach x2  
  179  11:41  Ravager  
  179  11:42  Ravager x2, Viper  
  179  11:44  Roach  
  187  11:49  Roach x3  
  187  11:53  Zerg Missile Weapons Level 2  
  193  11:54  Roach  
  193  11:55  Roach  
  193  12:01  Roach  
  199  12:11  Hydralisk  
  185  12:21  Hydralisk x11  
  199  12:25  Overlord  
  199  12:29  Overlord  
  193  12:30  Pneumatized Carapace  
  193  12:35  Drone x3  
  193  12:36  Evolution Chamber  
  195  12:37  Evolution Chamber  
  195  12:38  Evolution Chamber  
  193  12:46  Roach, Hydralisk x2  
  193  12:48  Greater Spire  
  199  12:57  Pathogen Glands  
  200  12:58  Drone  
  200  13:04  Spine Crawler  
  200  13:05  Spine Crawler  
  198  13:06  Zerg Ground Armor Level 3  
  185  13:22  Viper x2  
  185  13:27  Spine Crawler  
  183  13:28  Overseer  
  183  13:29  Spine Crawler  
  182  13:40  Viper x3  
  170  13:42  Hydralisk x3  
  170  13:43  Roach x4  
  170  13:44  Drone  
  170  13:45  Drone x5  
  190  13:51  Roach x3  
  190  13:54  Roach x2  
  200  13:57  Extractor  
  200  13:58  Drone  
  200  13:59  Neural Parasite  
  200  14:00  Zerg Flyer Weapons Level 1  
  200  14:02  Extractor  
  199  14:08  Overlord  
  199  14:15  Drone  
  199  14:16  Drone x2  
  193  14:17  Roach, Hydralisk  
  193  14:18  Roach x2  
  193  14:21  Overseer  
  200  14:25  Zerg Missile Weapons Level 3  
  200  14:47  Hatchery  
  186  15:05  Corruptor x10  
  200  15:22  Extractor, Unknown  
  200  15:23  Unknown  
  200  15:26  Extractor  
  192  15:40  Overseer x2  
  192  15:43  Zerg Melee Weapons Level 1  
  184  15:53  Brood Lord x8  
  194  15:57  Unknown x2  
  168  16:08  Corruptor x4  
  161  16:15  Drone x6  
  167  16:18  Corruptor x2  
  167  16:19  Corruptor  
  169  16:27  Spine Crawler  
  169  16:29  Spine Crawler  
  163  16:39  Viper x2  
  160  16:49  Zerg Flyer Armor Level 1  
  160  16:50  Hatchery  
  160  16:51  Spire  
  158  16:58  Extractor  
  157  17:07  Drone  
  157  17:08  Drone x4  
  162  17:09  Drone x2  
  162  17:13  Queen  
  164  17:24  Spore Crawler  
  164  17:25  Drone x6  
  164  17:26  Drone x2  
  164  17:27  Drone x3  
  173  17:33  Corruptor x4  
  159  17:47  Viper x2  
  164  17:57  Corruptor x2  
  167  18:01  Zerg Melee Weapons Level 2  
  167  18:05  Brood Lord  
  169  18:06  Brood Lord  
  169  18:11  Drone x3  
  169  18:12  Drone x4  
  177  18:22  Corruptor x2  
  181  18:33  Corruptor x3  
  185  18:37  Zerg Flyer Weapons Level 2  
  187  18:43  Infestor x3  
  193  18:50  Unknown  
  193  18:51  Unknown  
  193  18:54  Hydralisk x5  
  185  19:02  Infestor  
  183  19:20  Infestor x2  
  187  19:29  Hatchery, Zerg Flyer Armor Level 2  
  186  19:35  Corruptor x2  
  188  19:44  Corruptor x2  
  190  19:53  Brood Lord, Extractor  
  190  19:56  Brood Lord  
  193  20:06  Drone x2  
  193  20:10  Spore Crawler  
  190  20:32  Hatchery  
  190  20:35  Drone x5  
  190  20:45  Unknown  
  190  20:46  Unknown  
  182  20:55  Brood Lord x4  
  186  21:01  Corruptor x5  
  196  21:06  Zerg Flyer Weapons Level 3  
  196  21:15  Brood Lord  
  198  21:22  Corruptor  
  200  21:27  Spine Crawler  
  200  21:29  Spine Crawler  
  198  21:37  Infestor  
  195  21:55  Unknown  
  195  21:56  Unknown  
  195  21:57  Corruptor x4  
  187  22:03  Unknown, Viper x2  
  187  22:05  Corruptor x5  
  197  22:12  Queen  
  199  22:29  Infestor x4  
  199  22:31  Extractor  
  199  22:33  Extractor  
  199  22:34  Spore Crawler  
  194  22:54  Zergling x16  
  194  22:57  Metabolic Boost  
  197  23:00  Overlord  
  197  23:10  Infestor  
  197  23:11  Infestor x3  
  183  23:26  Drone x3  
  186  23:27  Drone x3  
  186  23:30  Queen  
  191  23:35  Hatchery  
  191  23:36  Queen  
  191  23:37  Queen  
  194  23:49  Burrow  
  194  23:52  Zerg Flyer Armor Level 3  
  186  23:56  Unknown  
  178  24:03  Unknown  
  178  24:06  Corruptor x2  
  180  24:12  Corruptor  
  180  24:15  Adrenal Glands  
  180  24:27  Zergling x40  
  197  24:32  Corruptor  
  199  24:42  Spine Crawler  
  199  24:43  Extractor  
  199  24:44  Spine Crawler  
  196  24:46  Overlord  
  196  24:47  Corruptor x2  
  200  24:56  Hatchery  
  194  25:03  Spine Crawler, Corruptor x4  
  194  25:04  Corruptor  
  194  25:05  Spine Crawler  
  197  25:15  Drone x3  
  197  25:16  Zerg Melee Weapons Level 3  
  192  25:37  Corruptor x2  
  192  25:40  Overlord  
  194  25:44  Overlord  
  194  25:47  Hydralisk x3  
  194  25:48  Hydralisk x4  
  198  25:53  Corruptor x3  
  198  25:56  Hatchery  
  198  26:01  Spine Crawler  
  198  26:02  Spine Crawler  
  196  26:18  Extractor  
  196  26:20  Extractor  
  196  26:23  Corruptor  
  196  26:24  Corruptor x4  
  200  26:43  Overlord  
  200  26:44  Zergling x10  
  201  26:52  Zergling x12  
  193  27:04  Zergling x10  
  193  27:06  Drone  
  193  27:07  Drone x2  
  194  27:28  Hydralisk, Zergling x14  
  198  27:33  Spine Crawler  
  198  27:34  Spine Crawler  
  198  27:37  Overlord  
  184  27:45  Overlord  
  174  27:52  Hydralisk  
  174  27:53  Hydralisk x3  
  174  27:54  Zergling x2  
  174  27:55  Zergling x14  
  182  28:09  Zergling x14  
  182  28:10  Hatchery  
  188  28:16  Drone x3  
  194  28:37  Overlord  
  190  28:44  Drone x2  
Show
View Real Time Build Order
Export as new Build Order

llllllllllll Terran 

Build Orders:  

Get SALT Encoding   

  12  0:00  SCV  
  13  0:12  SCV  
  14  0:17  Supply Depot  
  14  0:24  SCV  
  15  0:40  Barracks  
  15  0:51  Barracks  
  15  1:04  Barracks  
  15  1:11  SCV  
  16  1:27  Marine, Orbital Command  
  17  1:38  Marine, Supply Depot  
  18  1:45  Marine  
  19  1:50  Marine  
  20  1:56  Marine  
  21  2:02  Marine, SCV  
  21  2:06  Bunker  
  23  2:08  Marine  
  23  2:14  Marine  
  25  2:16  SCV  
  25  2:20  Marine  
  27  2:26  Marine  
  27  2:29  Bunker  
  28  2:33  SCV  
  28  2:34  Supply Depot  
  29  2:40  Marine  
  29  2:41  Marine  
  31  2:49  Refinery x2  
  31  2:56  SCV  
  32  3:11  SCV  
  33  3:13  Marine x3  
  33  3:19  Supply Depot  
  36  3:23  SCV  
  37  3:32  Marine x2  
  39  3:38  Factory  
  39  3:40  Marine, SCV  
  41  3:50  Marine x2  
  41  3:53  SCV  
  44  4:00  Marine  
  45  4:05  SCV  
  44  4:10  Marine  
  44  4:11  Marine  
  46  4:22  Factory Tech Lab  
  46  4:23  Bunker  
  47  4:27  Starport  
  47  4:29  Supply Depot  
  46  4:34  SCV  
  47  4:41  Supply Depot  
  47  4:51  SCV  
  48  4:53  Siege Tank  
  51  5:03  SCV  
  52  5:14  Command Center  
  52  5:15  SCV  
  53  5:27  SCV  
  54  5:37  Factory Reactor  
  54  5:39  SCV  
  47  5:51  SCV  
  47  5:53  Cloaking Field, Banshee  
  47  6:03  SCV  
  48  6:12  Command Center  
  48  6:16  SCV  
  49  6:25  Hellion x2, Orbital Command  
  53  6:28  SCV  
  54  6:36  Banshee  
  57  6:40  SCV  
  57  6:43  Orbital Command  
  57  6:46  Hellion  
  57  6:47  Hellion  
  62  6:52  SCV  
  63  7:00  Armory x2  
  63  7:04  SCV  
  63  7:07  Refinery x2  
  64  7:12  SCV  
  65  7:16  SCV  
  66  7:23  Hellion x2  
  66  7:25  SCV  
  72  7:33  Supply Depot  
  72  7:35  SCV  
  72  7:36  Orbital Command  
  72  7:37  SCV  
  72  7:40  Banshee  
  73  7:47  Hellion x2  
  73  7:48  SCV  
  73  7:50  Terran Vehicle Weapons Level 1  
  78  7:52  Terran Vehicle And Ship Armor Level 1  
  78  7:55  Orbital Command  
  78  7:56  SCV  
  79  8:04  SCV  
  79  8:05  Factory  
  80  8:06  Factory  
  80  8:08  SCV  
  81  8:16  SCV  
  82  8:20  SCV  
  82  8:23  Hellion x2  
  87  8:28  Factory, Barracks Tech Lab  
  87  8:29  SCV  
  87  8:31  Factory, SCV  
  89  8:37  Starport Reactor  
  89  8:39  SCV, Supply Depot  
  89  8:41  SCV  
  91  8:42  Supply Depot  
  91  8:48  Factory Tech Lab  
  91  8:49  Factory Tech Lab  
  91  8:52  Factory Reactor  
  91  8:53  SCV  
  91  8:55  SCV  
  89  8:59  SCV  
  89  9:02  Hellion x2, Supply Depot  
  94  9:05  SCV  
  94  9:07  SCV  
  94  9:09  Siege Tank  
  99  9:11  SCV  
  100  9:18  SCV  
  100  9:19  Siege Tank  
  100  9:20  Factory Tech Lab  
  100  9:23  SCV  
  103  9:25  Refinery  
  103  9:26  Refinery  
  103  9:28  Command Center, SCV  
  102  9:36  SCV x2  
  104  9:41  SCV  
  104  9:42  Supply Depot, Siege Tank  
  111  9:48  SCV x2  
  111  9:52  Liberator x2  
  113  9:53  Siege Tank  
  113  9:54  Hellbat, Hellion  
  113  9:55  Terran Vehicle Weapons Level 2, Terran Vehicle And Ship Armor Level 2  
  120  10:03  Siege Tank, Supply Depot, Engineering Bay  
  120  10:05  Supply Depot  
  126  10:15  Siege Tank  
  126  10:16  Hellbat  
  131  10:25  Supply Depot x2  
  131  10:29  Supply Depot  
  131  10:31  Missile Turret  
  131  10:32  Supply Depot  
  131  10:33  Supply Depot x2  
  134  10:36  Hellion  
  134  10:37  Hellbat  
  138  10:48  Siege Tank  
  138  10:49  Thor  
  138  10:50  Thor  
  138  10:52  Hellion  
  150  10:57  Viking  
  150  10:58  Viking  
  154  11:15  Missile Turret  
  154  11:19  SCV x2  
  156  11:27  Viking x2  
  156  11:30  Refinery  
  156  11:32  Refinery  
  160  11:38  Hellbat, Siege Tank x2  
  160  11:39  Hellion  
  170  11:44  Planetary Fortress  
  170  11:47  Missile Turret  
  170  11:49  Sensor Tower  
  170  11:56  Command Center  
  170  12:01  Viking x2  
  174  12:14  Siege Tank x2  
  174  12:15  Hellion  
  141  12:25  Siege Tank  
  141  12:26  Hellion  
  141  12:28  Hellion x2  
  150  12:31  Viking x2  
  149  12:39  Hellbat  
  150  12:46  Siege Tank x2  
  150  12:47  SCV x3  
  150  12:50  SCV  
  156  12:53  Terran Vehicle Weapons Level 3, Terran Vehicle And Ship Armor Level 3  
  156  12:57  Infernal Pre-Igniter  
  156  12:58  Siege Tank  
  157  12:59  SCV x2  
  157  13:01  SCV  
  157  13:03  SCV  
  161  13:10  Planetary Fortress  
  161  13:12  Refinery  
  161  13:13  Refinery, Missile Turret  
  158  13:23  Hellion x7  
  158  13:24  Viking x2  
  150  13:50  Hellbat x4, Siege Tank x3  
  170  13:58  Starport x2  
  170  13:59  Starport  
  170  14:02  Fusion Core  
  170  14:03  Supply Depot x2  
  170  14:04  Supply Depot  
  170  14:05  Liberator x2  
  168  14:11  Hellbat  
  165  14:24  Siege Tank x3  
  165  14:26  Hellbat x3  
  174  14:40  Missile Turret  
  174  14:41  Missile Turret  
  174  14:42  Missile Turret  
  174  14:49  Factory  
  174  14:50  Factory  
  174  14:51  Factory  
  174  14:54  Command Center  
  174  14:56  Siege Tank  
  174  15:04  Starport Tech Lab  
  174  15:05  Starport Reactor x2  
  171  15:29  Smart Servos  
  171  15:31  Viking x2, Raven  
  177  15:43  Hellion x2  
  197  15:54  Viking  
  164  16:06  Viking  
  164  16:07  Viking  
  162  16:27  Viking x5  
  162  16:29  Thor x2  
  162  16:47  Thor  
  162  16:53  Liberator x4  
  159  16:59  Factory Tech Lab x2, Factory Reactor  
  159  17:05  Command Center x2, Hellbat x2  
  159  17:06  Hellbat x2  
  167  17:09  Raven  
  167  17:11  Advanced Ballistics  
  167  17:12  Siege Tank  
  167  17:13  Siege Tank  
  185  17:30  Siege Tank  
  186  17:38  Refinery  
  186  17:41  Refinery  
  184  17:46  Viking x2  
  184  17:51  Planetary Fortress  
  188  17:52  Missile Turret  
  188  17:53  Missile Turret  
  188  17:55  Liberator x4  
  188  17:56  Missile Turret  
  200  18:19  Command Center  
  200  18:21  Orbital Command x2  
  200  18:22  Command Center  
  194  18:54  Viking x3  
  137  19:10  Thor x2  
  137  19:11  Thor  
  137  19:12  Siege Tank x2  
  137  19:14  Terran Ship Weapons Level 1  
  152  19:25  Missile Turret x2  
  152  19:33  Viking x2  
  153  19:44  Siege Tank  
  159  19:48  Viking x2  
  159  19:50  Raven  
  165  19:54  Orbital Command  
  165  19:59  Orbital Command x2  
  165  20:03  Siege Tank x2  
  165  20:04  Hellbat  
  170  20:14  Siege Tank  
  170  20:16  Viking x4  
  170  20:18  Viking x2  
  174  20:49  Viking x5  
  162  20:53  Refinery  
  162  20:54  Missile Turret  
  162  20:55  Refinery  
  154  20:58  Cyclone x3  
  154  20:59  Mag-Field Accelerator, Cyclone  
  154  21:02  Hellion, Cyclone  
  154  21:03  Hellion x4  
  173  21:10  Orbital Command  
  171  21:19  Command Center  
  171  21:21  Viking  
  171  21:22  Viking x2  
  177  21:28  Viking x2  
  181  21:34  Orbital Command  
  181  21:37  Viking x2  
  185  21:51  Viking  
  185  21:52  Viking  
  179  22:05  Viking x3  
  179  22:07  Viking x2  
  175  22:17  Cyclone x2  
  175  22:18  Cyclone  
  184  22:37  Raven  
  184  22:40  Viking x4  
  180  22:51  Cyclone x2  
  172  23:09  Viking x2  
  172  23:11  Viking x4  
  129  23:29  Cyclone x3  
  129  23:32  Raven  
  140  23:35  Factory Tech Lab  
  140  23:55  Terran Ship Weapons Level 2  
  128  24:04  Viking x2  
  128  24:05  Viking x4  
  115  24:18  Cyclone x3  
  115  24:22  Raven  
  126  24:27  Hellion x2  
  130  24:41  Starport Tech Lab  
  130  24:45  Starport Tech Lab  
  130  24:48  Starport Tech Lab  
  130  24:56  Cyclone x3  
  136  25:03  Battlecruiser  
  142  25:13  Raven x2  
  148  25:16  Weapon Refit  
  146  25:21  Refinery  
  146  25:23  Refinery, Missile Turret  
  143  25:47  Hellbat x4  
  145  25:50  Cyclone x2  
  145  25:51  Orbital Command  
  145  25:52  Hellbat x2  
  148  26:04  Refinery  
  148  26:09  Refinery, Battlecruiser x3  
  161  26:39  Battlecruiser  
  167  26:40  Orbital Command  
  164  26:57  Hellion x6  
  158  27:02  Cyclone x5  
  158  27:15  Orbital Command  
  154  27:23  Hellion x3, Battlecruiser  
  154  27:28  Refinery, Engineering Bay  
  155  27:31  Refinery  
Tags
 
Add a new tag
Caveats
  • Supply blocks, unpowered buildings, or Contaminate may cause inaccurate times.
  • Supply counts are checked every 10 seconds.